 Dungeon Crawl Stone Soup version 0.19.1 (webtiles) character file.

2180 Darkmans the Basher (level 9, 0/51 HPs)
             Began as a Gargoyle Fighter on Dec 17, 2016.
             Was an Initiate of Okawaru.
             Slain by Geoffrax's ghost (7 damage)
             ... on level 6 of the Dungeon.
             The game lasted 00:15:44 (4251 turns).

Darkmans the Basher (Gargoyle Fighter)              Turns: 4251, Time: 00:15:45

Health: 0/51       AC: 14    Str: 23    XL:     9   Next: 33%
Magic:  9/9        EV: 12    Int:  9    God:    Okawaru [......]
Gold:   330        SH: 10    Dex: 14    Spells: 0 memorised, 8 levels left

rFire  . . .     SeeInvis .     a - +0 flail
rCold  . . .     Gourm    .     E - +0 scale mail (curse)
rNeg   + . .     Faith    .     c - +0 shield
rPois  ∞         Spirit   .     (no helmet)
rElec  +         Reflect  .     (no cloak)
rCorr  .         Harm     .     x - +1 pair of gloves
MR     .....                    (no boots)
Stlth  +.........               e - amulet of regeneration
                                (no ring)
                                (no ring)

@: agile
A: blurry vision 1, mutation resistance 1, negative energy resistance 1,
electricity resistance, unbreathing, petrification resistance, rot immunity, AC
+5
a: Renounce Religion


You were on level 6 of the Dungeon.
You worshipped Okawaru.
Okawaru was noncommittal.
You were hungry.

You visited 2 branches of the dungeon, and saw 7 of its levels.

You collected 330 gold pieces.

Inventory:

Hand Weapons
 a - a +0 flail (weapon)
 B - a +0 giant club
Armour
 b - a +0 scale mail
 c - a +0 shield (worn)
 p - a +0 pair of gloves
 x - a +1 pair of gloves (worn)
 E - a cursed +0 scale mail (worn)
Jewellery
 e - an amulet of regeneration (around neck)
Wands
 y - a wand of flame (11/48)
 A - a wand of iceblast (7/15)
Scrolls
 d - 2 scrolls of enchant armour {unknown}
 g - 5 scrolls of teleportation
 l - 3 scrolls of remove curse
 m - a scroll of amnesia {unknown}
 r - 2 scrolls of magic mapping {unknown}
 t - 2 scrolls of recharging {unknown}
 u - a scroll of enchant weapon {unknown}
 v - 4 scrolls of identify
 D - a scroll of fear {unknown}
Potions
 h - 3 potions of flight
 n - 2 potions of resistance
 o - 2 potions of curing
 q - 3 potions of haste
 s - 2 potions of cancellation
 w - a potion of magic (quivered)
 z - a potion of mutation
Comestibles
 f - 6 bread rations
 j - 3 beef jerkies
 k - 3 meat rations
 C - 3 chunks of flesh


   Skills:
 - Level 3.2 Fighting
 + Level 12.0 Maces & Flails
 - Level 3.2 Armour
 - Level 3.2 Shields


You had 8 spell levels left.
You didn't know any spells.

Dungeon Overview and Level Annotations

Branches:
Dungeon (6/15)             Temple (1/1) D:6

Altars:
Ashenzari
Fedhas
Gozag
Hepliaklqana
Okawaru
Uskayaw
Xom

Shops:
D:4 *

Annotations:
D:2 Sigmund
D:6 Geoffrax's ghost, novice DgGl


Innate Abilities, Weirdness & Mutations

You are resistant to torment.
Your stone body is resilient. (AC +5)
You are immune to poison.
You resist negative energy. (rN+)
You are resistant to electric shocks. (rElec)
You can survive without breathing.
You are immune to petrification.
You are immune to rotting.
Scrolls take you a little longer to read.
You are somewhat resistant to further mutation.


Message History

Okay, then.
You feel agile all of a sudden. You block Geoffrax's ghost's attack.
You closely miss Geoffrax's ghost.
Geoffrax's ghost is severely damaged.
Geoffrax's ghost hits you.
You hit Geoffrax's ghost but do no damage.
Geoffrax's ghost is severely damaged.
Geoffrax's ghost hits you!
* * * LOW HITPOINT WARNING * * *
You hit Geoffrax's ghost.
Geoffrax's ghost is severely damaged.
Geoffrax's ghost hits you.
* * * LOW HITPOINT WARNING * * *
You writhe in agony.
* * * LOW HITPOINT WARNING * * *
You hit Geoffrax's ghost but do no damage.
Geoffrax's ghost is severely damaged.
Geoffrax's ghost hits you!
You die...

###..........# #
............# #
#..........# ##.#
#.##.....######
.#.##
#.............#
....
#.###...#####.#
.... ##†# ##.##
#.# .##
##.#.###.######.#
..##
#.###@..........#
...#
##.#W###.#####..#
...# ##.## #.#
#.## .#.## ###
#.# #.######)
....### #....>..#
......# #.######.
##..#.....< #.#
#..########## #.#
#...........# #.#


You could see Geoffrax's ghost.

Vanquished Creatures
  Pikel (D:5)
  Eustachio (D:6)
  Menkaure (D:4)
  The ghost of Darkmans the Shield-Bearer, an amateur GrFi of Okawaru (D:3)
  2 slaves (D:4)
  A phantom (D:6)
  4 ogres
  2 centaurs
  A bullfrog (D:6)
  4 crimson imps
  A jelly (D:5)
  Crazy Yiuf (D:2)
  4 hounds
  An iguana (D:3)
  3 orc wizards
  Natasha (thrice) (D:4)
  3 worker ants
  5 adders
  2 shadow imps (D:5)
  An adder zombie (D:5)
  3 worms
  4 dart slugs
  5 leopard geckos
  8 orcs
  6 bats
  3 giant cockroaches (D:2)
  10 goblins
  11 hobgoblins
  4 jackals
  2 kobolds
  3 quokkas
  2 ball pythons (D:1)
  4 frilled lizards
  A leopard gecko skeleton (D:6)
  A quokka skeleton (D:4)
  9 rats
  A bush (D:5)
119 creatures vanquished.

Notes
Turn   | Place    | Note
-------+----------+-------------------------------------------
     0 | D:1      | Darkmans the Gargoyle Fighter began the quest for the Orb.
     0 | D:1      | Reached XP level 1. HP: 14/14 MP: 1/1
   243 | D:1      | Reached XP level 2. HP: 19/19 MP: 2/2
   344 | D:1      | Reached skill level 3 in Maces & Flails
   439 | D:1      | Reached XP level 3. HP: 23/23 MP: 3/3
   724 | D:2      | Found a shimmering altar of Xom.
   725 | D:2      | Found a shimmering altar of Xom.
   731 | D:2      | Reached skill level 4 in Maces & Flails
   742 | D:2      | Found a shimmering altar of Xom.
   779 | D:2      | Reached XP level 4. HP: 28/28 MP: 4/4
   897 | D:2      | Found a runed door.
   905 | D:2      | Noticed Crazy Yiuf
   910 | D:2      | Killed Crazy Yiuf
  1044 | D:2      | Found a faded altar of an unknown god.
  1053 | D:2      | Gained mutation: You are somewhat resistant to further mutation. [potion of beneficial mutation]
  1145 | D:2      | Reached skill level 5 in Maces & Flails
  1190 | D:2      | Reached XP level 5. HP: 32/32 MP: 5/5
  1370 | D:2      | Noticed Sigmund
  1547 | D:3      | Noticed Darkmans's ghost (amateur GrFi)
  1965 | D:4      | Noticed Menkaure
  2009 | D:3      | Killed Darkmans's ghost
  2009 | D:3      | Reached skill level 6 in Maces & Flails
  2009 | D:3      | Reached XP level 6. HP: 29/37 MP: 6/6
  2155 | D:4      | Reached skill level 7 in Maces & Flails
  2243 | D:4      | Reached XP level 7. HP: 41/41 MP: 7/7
  2325 | D:4      | Found Dokiffuq's Assorted Antiques.
  2432 | D:4      | Killed Menkaure
  2432 | D:4      | Reached skill level 8 in Maces & Flails
  2610 | D:4      | Noticed Natasha
  2617 | D:4      | Killed Natasha
  2849 | D:4      | Noticed Natasha
  2857 | D:4      | Killed Natasha
  2870 | D:4      | Noticed Natasha
  2874 | D:4      | Killed Natasha
  2874 | D:4      | Reached skill level 9 in Maces & Flails
  2874 | D:4      | Reached XP level 8. HP: 44/46 MP: 8/8
  3010 | D:5      | Entered Level 5 of the Dungeon
  3010 | D:5      | Found an opulent altar of Gozag.
  3232 | D:5      | Noticed Pikel
  3435 | D:5      | Killed Pikel
  3435 | D:5      | Reached skill level 10 in Maces & Flails
  3507 | D:5      | Found a shattered altar of Ashenzari.
  3519 | D:5      | Reached skill level 11 in Maces & Flails
  3519 | D:5      | Reached XP level 9. HP: 51/51 MP: 9/9
  3736 | D:6      | Found a staircase to the Ecumenical Temple.
  3743 | Temple   | Entered the Ecumenical Temple
  3759 | Temple   | Became a worshipper of Warmaster Okawaru
  4020 | D:6      | Noticed Eustachio
  4052 | D:6      | Killed Eustachio
  4158 | D:6      | Noticed Geoffrax's ghost (novice DgGl)
  4212 | D:6      | Reached skill level 12 in Maces & Flails
  4244 | D:6      | Gained mutation: Scrolls take you a little longer to read. [potion of mutation]
  4251 | D:6      | Slain by Geoffrax's ghost

Skill      XL: |  1  2  3  4  5  6  7  8  9 |
---------------+----------------------------+-----
Maces & Flails | 3 4 5 6 7 9 11 12 | 12.0
Fighting       | |  3.2
Armour         | |  3.2
Shields        | |  3.2

Action                   |  1- 3 |  4- 6 |  7- 9 || total
-------------------------+-------+-------+-------++-------
Melee: Flail             |   101 |   159 |   365 ||   625
       Mace              |       |     6 |       ||     6
  Use: Scroll            |       |    11 |       ||    11
       Potion            |       |     3 |     4 ||     7
  Eat: Chunk             |       |     2 |     5 ||     7
       Bread ration      |       |     1 |       ||     1
Armor: Scale mail        |    58 |    73 |   167 ||   298
       Skin              |       |       |     2 ||     2
Dodge: Dodged            |    40 |    38 |    82 ||   160
Block: Shield            |    84 |    94 |   144 ||   322
